 Dungeon Crawl Stone Soup version 0.28-a0-8-g6e044cfa68 (webtiles) character file.

Game seed: 15073085917967011046

370 bande the Skirmisher (level 6, -1/39 HPs)
             Began as a Gargoyle Fighter on July 25, 2021.
             Killed by divine providence
             ... invoked by an orc priest
              (9 damage)
             ... on level 4 of the Dungeon.
             The game lasted 00:06:16 (4345 turns).

bande the Skirmisher (Gargoyle Fighter)             Turns: 4345, Time: 00:06:17

Health: -1/39      AC: 14    Str: 21    XL:     6   Next: 70%
Magic:  6/6        EV:  8    Int:  8    God:
Gold:   129        SH:  9    Dex: 10    Spells: 5/5 levels left

rFire   . . .      SeeInvis +   a - +0 war axe
rCold   . . .      Faith    .   c - +0 kite shield
rNeg    + . .      Spirit   .   b - +0 scale mail
rPois   ∞          Reflect  .   m - +0 helmet
rElec   +          Harm     .   (no cloak)
rCorr   .          Rampage  .   (no gloves)
Will    .....                   n - +0 pair of boots
Stlth   ..........              (no amulet)
HPRegen 0.13/turn               i - ring of see invisible
MPRegen 0.10/turn               (no ring)

@: no status effects
A: sickness immunity, AC +4, negative energy resistance 1, electricity
resistance, torment resistance 1, petrification resistance
a: no special abilities


You were on level 4 of the Dungeon.
You visited 1 branch of the dungeon, and saw 4 of its levels.

You collected 129 gold pieces.

Inventory:

Hand Weapons
 a - a +0 war axe (weapon)
 d - a +0 morningstar
Armour
 b - a +0 scale mail (worn)
 c - a +0 kite shield (worn)
 m - a +0 helmet (worn)
 n - a +0 pair of boots (worn)
Jewellery
 g - a ring of magical power
 i - a ring of see invisible (left hand)
 j - a ring of positive energy
Wands
 o - a wand of digging (5)
Scrolls
 e - a scroll of identify
 h - 2 scrolls of teleportation
Potions
 f - a potion of brilliance
 l - a potion of might


   Skills:
 + Level 4.4 Fighting
 + Level 4.1 Axes
 + Level 4.4 Armour
 + Level 1.2 Dodging
 + Level 4.4 Shields


You had 5 spell levels left.
You didn't know any spells.
Your spell library contained the following spells:

 Spells                   Type           Power      Damage    Failure   Level
 Shock                    Conj/Air       0%         1d3       99%         1
 Slow                     Hex            0%         N/A       100%        2
 Confusing Touch          Hex            0%         N/A       100%        3
 Swiftness                Air            0%         N/A       100%        3
 Vampiric Draining        Necr           0%         2d6       100%        3
 Airstrike                Air            0%         N/A       100%        4


Dungeon Overview and Level Annotations

Branches:
Dungeon (4/15)
 Temple: D:4-7

Altars:

Shops:
D:4 (=


Innate Abilities, Weirdness & Mutations

You are immune to sickness and miasma.
Your stone body is resilient. (AC +4)
You are immune to poison.
You resist negative energy. (rN+)
You are resistant to electric shocks. (rElec)
You are resistant to unholy torment.
You are immune to petrification.


Message History

You kill the orc!
You block the water moccasin's attack.
A gnoll shaman comes into view. It is wielding a +0 whip.
You block the orc's attack. The orc hits you but does no damage.
The water moccasin closely misses you.
You barely miss the orc.
The orc is almost dead.
Your shield prevents you from hitting the water moccasin.
You hit the orc but do no damage. You slash the orc priest!
The orc priest barely misses you. The water moccasin bites you.
The orc hits you with a +0 whip. You block the orc's attack.
The orc hits you with a +2 short sword of venom.
You block the orc priest's attack.
The water moccasin bites you but does no damage.
The orc hits you but does no damage.
You barely miss the orc.
The orc is almost dead.
You miss the water moccasin.
Your scale mail prevents you from hitting the orc.
You closely miss the orc priest. The orc barely misses you.
The water moccasin bites you but does no damage.
You block the orc's attack. The orc priest barely misses you.
The orc hits you with a +0 whip. The water moccasin barely misses you.
You block the orc's attack.
A gnoll comes into view. It is wielding a +0 spear.
The orc hits you but does no damage.
You completely miss the orc priest.
The orc priest is almost dead.
The gnoll shouts!
You hit the orc. You slash the water moccasin! You completely miss the orc.
You block the water moccasin's attack.
The orc priest mumbles some strange prayers to Beogh against you.
Pain shoots through your body!
* * * LOW HITPOINT WARNING * * *
You block the orc's attack. The orc hits you but does no damage.
You block the orc's attack. The water moccasin bites you.
* * * LOW HITPOINT WARNING * * *
The orc priest calls down the wrath of Beogh upon you.
Beogh smites you!
You die...

.. #.# #.# #.# ###
#.##### ..# #.#...
8.############.#.#
.................##
<#############.o@o##
..# #..So.# ∩.###
#..o.g..... ....#
#.##....#.g. 8...#
... .....# .# ....#
#### ..>.... . ..###
.....#.. ..#
##...##.. ### ....


You could see a water moccasin, a gnoll shaman, an orc priest, a gnoll and 3
orcs.

Vanquished Creatures
  Sigmund (D:3)
  Ijyb (D:3)
  Robin (D:3)
  4 gnolls (D:3)
  4 adders
  An adder skeleton (D:3)
  A worm (D:3)
  10 orcs
  6 ball pythons
  5 endoplasms
  3 giant cockroaches
  15 goblins
  7 hobgoblins
  9 jackals
  A quokka (D:4)
  4 bats
  2 frilled lizards
  6 kobolds
  5 rats
86 creatures vanquished.

Notes
Turn   | Place    | Note
-------+----------+-------------------------------------------
     0 | D:1      | bande the Gargoyle Fighter began the quest for the Orb.
     0 | D:1      | Reached XP level 1. HP: 14/14 MP: 1/1
   215 | D:1      | Reached XP level 2. HP: 7/19 MP: 2/2
   534 | D:1      | Found a faded altar of an unknown god.
   911 | D:1      | You fall into a shaft and drop 1 floor!
   942 | D:2      | Reached XP level 3. HP: 21/24 MP: 3/3
  1684 | D:2      | Reached XP level 4. HP: 29/29 MP: 4/4
  2047 | D:3      | Noticed Robin
  2467 | D:3      | Killed Robin
  2610 | D:3      | Noticed Sigmund
  2633 | D:3      | Killed Sigmund
  2634 | D:3      | Reached skill level 1 in Dodging
  2634 | D:3      | Reached XP level 5. HP: 6/33 MP: 5/5
  2634 | D:3      | Reached XP level 6. HP: 7/38 MP: 6/6
  3528 | D:3      | Noticed Ijyb
  3544 | D:3      | Killed Ijyb
  4257 | D:4      | Found Vueps's Weapon Shop.
  4310 | D:4      | Found Pujyamur's Jewellery Shop.
  4335 | D:4      | Noticed a water moccasin
  4345 | D:4      | Killed from afar by an orc priest

Illustrated notes

Levels and vault maps discovered:
D:1:      ncdulo_halloftheorcs, layout_loops_ring,
          chequers_ecumenical_altar_simple_redux, minmay_misc_feat_doors
D:2:      layout_rooms
D:3:      layout_loops_cross, uniq_robin, uniq_sigmund, uniq_ijyb
D:4:      layout_loops_ring, mainiacjoe_overflow_surrounded_room, serial_shops,
          shop_statue, shop, shop, shop_fountains, nicolae_inconvenience_store,
          gup_sewer_entry_pipe, minmay_parallelograms, uniq_menkaure

Skill      XL: |  1  2  3  4  5  6 |
---------------+-------------------+-----
Axes           | 2 3 4 |  4.1
Fighting       | 4 |  4.4
Armour         | 4 |  4.4
Dodging        | 1 |  1.2
Shields        | 4 |  4.4

Action                   |  1- 3 |  4- 6 || total
-------------------------+-------+-------++-------
Melee: War axe           |   104 |   173 ||   277
  Use: Scroll            |     3 |     1 ||     4
       Potion            |       |     3 ||     3
Armor: Scale mail        |    69 |   117 ||   186
Dodge: Dodged            |    41 |    79 ||   120
Block: Kite shield       |    58 |   118 ||   176

Table legend: (Time is in decaauts)
 A = Elapsed time spent in this place.
 B = Non-inter-level travel time spent in this place.
 C = Inter-level travel time spent in this place.
 D = Time resting spent in this place.
 E = Time spent auto-exploring this place.
 F = Levels seen in this place.
 G = Mean time per level.
                   A        B        C        D        E       F      G
               +--------+--------+--------+--------+--------+-----+--------+
         Total |   4523 |   4421 |    102 |   1467 |   2044 |   4 | 1130.8 |
       Dungeon |   4523 |   4421 |    102 |   1467 |   2044 |   4 | 1130.8 |
               +--------+--------+--------+--------+--------+-----+--------+

Top non-repeatable levels by time:
     D:3: 1540 daAuts
     D:1: 1445 daAuts
     D:2: 1422 daAuts
     D:4: 115 daAuts
